 Dungeon Crawl Stone Soup version 0.31-a0-240-gb923e448b6 (webtiles) character file.

Game seed: 16817432415451502170

149 Nattfarinn the Changeling (level 5, -3/38 HPs)
             Began as a Merfolk Shapeshifter on July 12, 2023.
             Slain by an iguana (14 damage)
             ... on level 4 of the Dungeon.
             The game lasted 00:02:13 (2406 turns).

Nattfarinn the Changeling (Merfolk Shapeshifter)    Turns: 2406, Time: 00:02:14

Health: -3/38      AC:  2    Str: 17    XL:     5   Next: 31%
Magic:  5/5        EV: 12    Int:  7    God:
Gold:   150        SH:  0    Dex: 15    Spells: 4/4 levels left

rFire   . .          .
                       - Unarmed
rCold   . . .        (no shield)
rNeg    . . .        a - +0 animal skin
rPois   .            (helmet currently unavailable)
rElec   .            (cloak currently unavailable)
rCorr   .            (gloves currently unavailable)
SInv    .            (boots currently unavailable)
Will    .....        (no amulet)
Stlth   +            (no ring)
HPRegen 0.26/turn    (no ring)
MPRegen 0.09/turn

%: no passive effects
@: beast-form
A: beast (slay +4), (nimble swimmer 2), mertail
a: no special abilities


You were on level 4 of the Dungeon.
You were a hulking beast.
You visited 1 branch of the dungeon, and saw 4 of its levels.

You collected 150 gold pieces.

Inventory:

Armour
 a - a +0 animal skin (worn)
Talismans
 c - a beast talisman
Scrolls
 d - a scroll of enchant weapon {unknown}
 e - 2 scrolls of identify {unknown}
 f - a scroll of noise {unknown}
 h - a scroll of amnesia {unknown}
 i - 2 scrolls of fear {unknown}
 m - a scroll of summoning {unknown}
Potions
 b - a potion of lignification
 g - a potion of attraction {unknown}
 j - a potion of magic {unknown}
 k - a potion of berserk rage
 l - a potion of heal wounds {unknown}
 n - a potion of brilliance {unknown}


   Skills:
 - Level 2.1 Fighting
 - Level 2.6 Dodging
 - Level 2.1 Unarmed Combat
 * Level 6.8 Shapeshifting


You had 4 spell levels left.
You didn't know any spells.
Your spell library contained the following spells:

 Spells                   Type           Power      Damage    Failure   Level
 Stone Arrow              Conj/Erth      0%         3d7       80%         3
 Animate Armour           Summ/Erth      0%         N/A       99%         4
 Lehudib's Crystal Spear  Conj/Erth      0%         10d2      100%        8


Dungeon Overview and Level Annotations

Branches:
Dungeon (4/15)
 Temple: D:4-7

Altars:

Annotations:
D:3 2 transporters, Voker57's ghost, amateur DsMo


Innate Abilities, Weirdness & Mutations

You are a hulking beast.
Your limbs bulge with bestial killing power. (Slay +4)
((You are very nimble when in or above water. (Stealth+, EV+, Speed+++)))
Your lower body shifts to a powerful aquatic tail in water.


Message History

No target in view!
Things that are here:
a +0 club; a goblin corpse
Found a leather armour.
An endoplasm comes into view.
An endoplasm is nearby!
An endoplasm is nearby!
The helpless endoplasm fails to defend itself.
You hit the endoplasm.
You kill the endoplasm!
You see here a +0 leather armour.
An iguana comes into view.
An iguana is nearby!
The iguana hisses angrily.
The iguana bites you!
You barely miss the iguana.
The iguana bites you but does no damage.
You hit the iguana but do no damage. The iguana closely misses you.
You hit the iguana but do no damage. The iguana bites you.
You barely miss the iguana. The iguana barely misses you.
You hit the iguana.
The iguana is lightly wounded.
The iguana closely misses you.
You hit the iguana.
The iguana is moderately wounded.
The iguana closely misses you.
You hit the iguana but do no damage.
The iguana is moderately wounded.
The iguana bites you!
You are too injured to fight recklessly!
An iguana is nearby!
An iguana is nearby!
You hit the iguana but do no damage.
The iguana is moderately wounded.
The iguana bites you.
* * * LOW HITPOINT WARNING * * *
You hit the iguana.
The iguana is moderately wounded.
The iguana bites you!
You die...

#.#..#.#####+#######+#
#...##.# ####.###.#
#....# #.# ####.# #.#
#.## .+ #..##.#
#.....# #...h.#
#?##.#l# #.# #...# #.
##..# # ..# ..+ ..# .#


You could see an iguana.

Vanquished Creatures
  A scorpion (D:3)
  Terence (D:2)
  2 adders
  2 dart slugs
  6 ball pythons
  4 endoplasms
  10 goblins
  3 hobgoblins (D:1)
  2 jackals (D:3)
  A quokka (D:2)
  2 bats
  3 frilled lizards
  3 kobolds
  2 rats
42 creatures vanquished.

Notes
Turn   | Place    | Note
-------+----------+-------------------------------------------
     0 | D:1      | Nattfarinn the Merfolk Shapeshifter began the quest for the
                  | Orb.
     0 | D:1      | Reached XP level 1. HP: 16/16 MP: 1/1
   197 | D:1      | Reached XP level 2. HP: 22/22 MP: 2/2
   653 | D:1      | Reached skill level 5 in Shapeshifting
   855 | D:2      | Reached XP level 3. HP: 16/27 MP: 3/3
   979 | D:2      | Noticed Terence
   991 | D:2      | Killed Terence
   992 | D:2      | Reached XP level 4. HP: 22/33 MP: 4/4
  1507 | D:3      | Noticed a scorpion
  1523 | D:3      | Killed a scorpion
  1524 | D:3      | Reached skill level 6 in Shapeshifting
  1524 | D:3      | Reached XP level 5. HP: 4/38 MP: 5/5
  1801 | D:3      | Identified the +1 helmet "Pucroz" {rF+}
  2068 | D:3      | Found a transporter.
  2070 | D:3      | Noticed Voker57's ghost (amateur DsMo)
  2075 | D:3      | Found a transporter.
  2406 | D:4      | Slain by an iguana

Illustrated notes

Levels and vault maps discovered:
D:1:      roderic_crop_circles_arrival_small, layout_basic,
          minmay_misc_feat_columns
D:2:      layout_basic, minmay_crystal_room, corexii_leaking_fountain,
          hangedman_feature_mirror, uniq_terence
D:3:      layout_basic, gammafunk_ghost_mausoleum, grunt_ministairs_5
D:4:      layout_layer_cave, nicolae_overflow_hidden_temple,
          minmay_quadrilaterals

Skill      XL: |  1  2  3  4 |
---------------+-------------+-----
Shapeshifting  | 5 6 |  6.8
Fighting       | |  2.1
Dodging        | |  2.6
Unarmed Combat | |  2.1

Action                     |  1- 3 |  4- 6 || total
---------------------------+-------+-------++-------
  Melee: Unarmed           |    49 |    65 ||   114
         Punch             |     1 |     1 ||     2
    Use: Potion            |       |     1 ||     1
   Stab: Sleeping          |       |     3 ||     3
 Armour: Animal skin       |     5 |     4 ||     9
  Dodge: Dodged            |    26 |    32 ||    58

Table legend: (Time is in decaauts)
 A = Elapsed time spent in this place.
 B = Non-inter-level travel time spent in this place.
 C = Inter-level travel time spent in this place.
 D = Time resting spent in this place.
 E = Time spent auto-exploring this place.
 F = Levels seen in this place.
 G = Mean time per level.
                   A        B        C        D        E       F      G
               +--------+--------+--------+--------+--------+-----+--------+
         Total |   2410 |   2293 |    117 |    135 |   1878 |   4 |  602.5 |
       Dungeon |   2410 |   2293 |    117 |    135 |   1878 |   4 |  602.5 |
               +--------+--------+--------+--------+--------+-----+--------+

Top non-repeatable levels by time:
     D:3: 871 daAuts
     D:1: 848 daAuts
     D:2: 629 daAuts
     D:4: 62 daAuts
